 Dungeon Crawl Stone Soup version 0.22-a0-77-g0fd0111 (webtiles) character file.

1563 shenanigans the Skirmisher (level 8, -9/67 HPs)
             Began as a Barachi Monk on Jan 14, 2018.
             Mangled by a wyvern zombie (14 damage)
             ... on level 6 of the Dungeon.
             The game lasted 00:13:39 (6163 turns).

shenanigans the Skirmisher (Barachi Monk)           Turns: 6163, Time: 00:13:40

Health: -9/67      AC:  8    Str: 13    XL:     8   Next: 89%
Magic:  8/8        EV: 17    Int: 12    God:
Gold:   384        SH:  0    Dex: 21    Spells: 7/7 levels left

rFire    + . .     SeeInvis .   i - +0 dagger (venom)
rCold    . . .     Gourm    .   (no shield)
rNeg     + . .     Faith    .   F - +3 leather armour "Bitov" {rPois MR+ Dex+6}
rPois    +         Spirit   .   r - +0 helmet
rElec    .         Reflect  .   (no cloak)
rCorr    .         Harm     .   (no gloves)
MR       +....                  (no boots)
Stlth    ++........             v - amulet of Dooh {+Rage +Fly rF+}
HPRegen  0.21/turn              E - +5 ring of slaying
MPRegen  0.11/turn              b - ring of positive energy

@: slow
A: +LOS, swims, slowness 1, strong legs 1
a: Hop, Evoke Berserk Rage, Evoke Flight


You were on level 6 of the Dungeon.
You were very hungry.

You visited 1 branch of the dungeon, and saw 6 of its levels.

You collected 384 gold pieces.

Inventory:

Hand Weapons
 a - a +0 falchion
 i - a +0 dagger of venom (weapon)
 o - a cursed +0 hand axe
 B - a +2 falchion of holy wrath
 D - the +1 trident of the Lesser Evil {protect, MP+9 Int+3 Dex+3}
   (You found it on level 6 of the Dungeon)

   It protects the one who uses it against injury (+AC on strike).
   It affects your intelligence (+3).
   It affects your dexterity (+3).
   It affects your magic capacity (+9).
Missiles
 m - 10 javelins (quivered)
Armour
 k - a +0 plate armour
 r - a +0 helmet (worn)
 F - the +3 leather armour "Bitov" (worn) {rPois MR+ Dex+6}
   (You took it off a gnoll on level 5 of the Dungeon)

   It affects your dexterity (+6).
   It protects you from poison.
   It affects your resistance to hostile enchantments.
Jewellery
 b - a ring of positive energy (right hand)
 t - an uncursed amulet of rage
 v - the amulet of Dooh (around neck) {+Rage +Fly rF+}
   (You found it on level 5 of the Dungeon)

   [amulet of rage]

   It protects you from fire.
   It lets you fly.
   It lets you go berserk.
 E - a +5 ring of slaying (left hand)
Wands
 u - a wand of disintegration (14)
 C - a wand of acid (6)
 G - a wand of clouds (6)
Scrolls
 e - 2 scrolls of fear
 f - 3 scrolls of random uselessness {unknown}
 g - 4 scrolls of teleportation
 h - a scroll of enchant weapon {unknown}
 l - a scroll of fog {unknown}
 p - 3 scrolls of remove curse
 q - 2 scrolls of blinking {unknown}
 x - a scroll of enchant armour {unknown}
 y - 2 scrolls of immolation {unknown}
Potions
 j - a potion of lignification {unknown}
 n - 3 potions of cancellation
 s - 4 potions of curing
 w - 2 potions of haste {unknown}
 z - a potion of heal wounds
 A - a potion of resistance
Comestibles
 d - 11 rations


   Skills:
 + Level 7.4 Fighting
 + Level 7.4 Long Blades
 + Level 6.3 Armour
 + Level 6.8 Dodging
 - Level 1.7 Stealth


You had 7 spell levels left.
You didn't know any spells.

Dungeon Overview and Level Annotations

Branches:
Dungeon (6/15)
 Temple: D:4-7

Altars:
Sif Muna
Yredelemnul
The Shining One

Shops:
D:4 *   D:5 !   D:6 *


Innate Abilities, Weirdness & Mutations

Shadows flee at your approach. (+LOS)
You can swim through water.
You cover ground slowly.
You can hop short distances.


Message History

You kill the gnoll!
The wyvern zombie closely misses you.
You see here a spear.
You hit the wyvern zombie.
The wyvern zombie is severely damaged.
The wyvern zombie bites you but does no damage.
You barely miss the wyvern zombie.
The wyvern zombie is severely damaged.
The wyvern zombie misses you.
You puncture the wyvern zombie!
The wyvern zombie is almost destroyed.
The wyvern zombie completely misses you.
You hit the wyvern zombie but do no damage.
The wyvern zombie is almost destroyed.
The wyvern zombie bites you!
* * * LOW HITPOINT WARNING * * *
You hit the wyvern zombie.
The wyvern zombie is almost destroyed.
The wyvern zombie bites you!
You die...

#.........................(#
.......)...................#####
#######..................
#.........()..###.
#######........<....#
.%..................#
...............(....#
........Z.....(.....#
........@############ ........(#
.........# .........# .........#
##########


You could see a wyvern zombie.

Vanquished Creatures
  An ogre (D:4)
  2 bullfrogs (D:6)
  3 scorpions
  A jelly (D:5)
  5 crimson imps
  A bullfrog zombie (D:6)
  3 hounds (D:5)
  2 centaur skeletons
  A gnoll shaman (D:5)
  4 orc priests
  7 orc wizards
  An iguana (D:5)
  Natasha (twice) (D:4)
  4 worker ants
  13 gnolls
  6 adders
  A shadow imp (D:5)
  An adder skeleton (D:5)
  4 worms (D:2)
  A dart slug (D:1)
  4 leopard geckos
  17 orcs
  3 ball pythons
  3 giant cockroaches
  6 hobgoblins
  7 jackals
  7 kobolds
  3 quokkas
  2 bats
  4 frilled lizards
  10 goblins
  A leopard gecko skeleton (D:5)
  A leopard gecko zombie (D:6)
  A quokka skeleton (D:6)
  10 rats
142 creatures vanquished.

Notes
Turn   | Place    | Note
-------+----------+-------------------------------------------
     0 | D:1      | shenanigans the Barachi Monk began the quest for the Orb.
     0 | D:1      | Reached XP level 1. HP: 18/18 MP: 1/1
   215 | D:1      | Reached XP level 2. HP: 25/25 MP: 2/2
   258 | D:1      | Reached skill level 1 in Armour
   380 | D:1      | Reached XP level 3. HP: 27/30 MP: 3/3
  1143 | D:2      | Reached XP level 4. HP: 24/37 MP: 4/4
  2196 | D:3      | Reached XP level 5. HP: 42/43 MP: 5/5
  2407 | D:3      | Found a glowing golden altar of the Shining One.
  2876 | D:4      | Noticed an ogre
  3235 | D:4      | Killed an ogre
  3235 | D:4      | Reached skill level 5 in Fighting
  3235 | D:4      | Reached skill level 5 in Long Blades
  3235 | D:4      | Reached XP level 6. HP: 47/51 MP: 6/6
  3295 | D:4      | Noticed Natasha
  3302 | D:4      | Killed Natasha
  3404 | D:4      | Found a deep blue altar of Sif Muna.
  3462 | D:4      | Found Ichesih's General Store.
  3796 | D:4      | Reached skill level 5 in Dodging
  3799 | D:4      | Reached XP level 7. HP: 53/56 MP: 7/7
  3879 | D:4      | Noticed Natasha
  3891 | D:4      | Killed Natasha
  4057 | D:5      | Entered Level 5 of the Dungeon
  4398 | D:5      | Got a flickering golden amulet
  4408 | D:5      | You fall through a shaft!
  4682 | D:6      | Found Taleen's Assorted Antiques.
  4745 | D:6      | Reached skill level 5 in Armour
  4745 | D:6      | Reached XP level 8. HP: 53/65 MP: 8/8
  4768 | D:6      | Got a jewelled trident
  4780 | D:6      | Identified the cursed +1 trident of the Lesser Evil {protect, MP+9 Int+3 Dex+3} (You found it on level 6 of the Dungeon)
  4782 | D:6      | Identified the amulet of Dooh {+Rage +Fly rF+} (You found it on level 5 of the Dungeon)
  5012 | D:5      | Found Ored's Distillery.
  5144 | D:5      | Got a heavily runed leather armour
  5155 | D:5      | Identified the +3 leather armour "Bitov" {rPois MR+ Dex+6} (You took it off a gnoll on level 5 of the Dungeon)
  6082 | D:6      | Found a basalt altar of Yredelemnul.
  6163 | D:6      | Mangled by a wyvern zombie

Vault maps used:
D:1:      roderic_octagonal_star
D:2:      serial_curves, eino_curves_02, eino_curves_03, eino_curves_01,
          kennysheep_generic_room_3
D:3:      lemuel_doored_altar, first_ration
D:4:      kennysheep_mini, serial_shops, kennysheep_mini_moat, uniq_natasha
D:5:      kennysheep_six_static_rooms, serial_shops, shop
D:6:      overflow_temple_1_default, serial_shops, nicolae_shop_stone,
          portal_sewer_entry_c

Skill      XL: |  1  2  3  4  5  6  7  8 |
---------------+-------------------------+-----
Armour         | 1 2 3 5 6 |  6.3
Fighting       | 4 5 6 7 |  7.4
Long Blades    | 4 5 6 7 |  7.4
Dodging        | 4 5 6 |  6.8
Stealth        | |  1.7

Action                   |  1- 3 |  4- 6 |  7- 9 || total
-------------------------+-------+-------+-------++-------
Melee: Falchion          |    80 |       |       ||    80
       Dagger            |    14 |   220 |   357 ||   591
Throw: Javelin           |       |    17 |     1 ||    18
 Abil: Hop               |       |       |     1 ||     1
  Use: Scroll            |       |     2 |     6 ||     8
 Stab: Sleeping          |     2 |       |     2 ||     4
  Eat: Chunk             |     1 |     9 |     5 ||    15
       Ration            |       |       |     1 ||     1
Armor: Robe              |     2 |       |       ||     2
       Ring mail         |    29 |       |       ||    29
       Plate armour      |       |   121 |   134 ||   255
       Leather armour    |       |       |    30 ||    30
Dodge: Dodged            |    69 |    50 |   199 ||   318
       Rpst.: Falchion   |    20 |       |       ||    20

Table legend:
 A = Spawn XP
 B = Non-spawn XP
 C = Spawn XP percentage of total XP
 D = Spawn monster count
 E = Non-spawn monster count
 F = Spawn count percentage of total count
 G = Total turns spent on level
                    A         B        C        D         E        F      G
               +---------+---------+-------+---------+---------+-------+---------
         Total |       0 |    2233 |   0.0 |       0 |     142 |   0.0 |  6163
               +---------+---------+-------+---------+---------+-------+---------
           D:1 |       0 |      58 |   0.0 |       0 |      29 |   0.0 |   901
           D:2 |       0 |      94 |   0.0 |       0 |      18 |   0.0 |  1165
           D:3 |       0 |     219 |   0.0 |       0 |      26 |   0.0 |  1157
           D:4 |       0 |     389 |   0.0 |       0 |      13 |   0.0 |   834
           D:5 |       0 |     956 |   0.0 |       0 |      37 |   0.0 |  1496
           D:6 |       0 |     517 |   0.0 |       0 |      19 |   0.0 |   610
               +---------+---------+-------+---------+---------+-------+---------
